AoeStats
← Брат разраба

Black Forest

508936253Analyzed
4v4 RM · 7d ago on Sep 24, 2026· 28m 38s· 8 players
Game mode
Random Map
Map size
Large (8 player)
Population
200
Speed
Normal
Resources
Standard
Victory
Conquest
Starting age
Dark Age
Ending age
Imperial Age
RankedLock teamsTeams togetherTeam positionsShared explorationLock speedFull tech treeHidden civsTurbo modeCheats
Victory
Defeat
🇹🇷 Mongols · Türkiye
1084
+12
🇹🇷 Teutons · Türkiye
984
+16
🇹🇼 Cumans · Taiwan
980
+16
🇹🇷 Ethiopians · Türkiye
967
+16
🇺🇸 Vikings · United States
996
-16
🇩🇪 Persians · Germany
983
-15
🇲🇽 Burgundians · Mexico
978
-15
🇷🇺 Huns · Russia
949
-14
Ahtkel
0:30 Loom
13:51 Feudal Age
18:17 Castle Age
16:10 Double-Bit Axe
18:37 Bow Saw
19:35 Horse Collar
23:18 Heavy Plow
26:50 Wheelbarrow
AlexShukov13
0:27 Loom
15:11 Feudal Age
16:17 Double-Bit Axe
19:08 Castle Age
17:24 Horse Collar
17:38 Stone Mining
25:28 Gold Mining
25:40 Heavy Plow
25:53 Bow Saw
Adoras
2:37 Loom
3:36 Loom
10:29 Feudal Age
11:45 Wheelbarrow
15:30 Castle Age
13:44 Double-Bit Axe
14:37 Gold Mining
15:59 Horse Collar
21:41 Stone Mining
22:46 Gold Shaft Mining
23:05 Bow Saw
25:31 Scale Barding Armor
25:37 Forging
26:41 Husbandry
27:22 Chain Barding Armor
28:01 Fletching
Брат разраба
0:26 Loom
11:41 Feudal Age
15:34 Gold Mining
15:53 Double-Bit Axe
18:13 Castle Age
16:57 Stone Mining
22:32 Horse Collar
23:04 Bow Saw
23:41 Wheelbarrow
umut
11:18 Feudal Age
9:37 Loom
13:12 Wheelbarrow
16:42 Castle Age
15:48 Double-Bit Axe
18:51 Bow Saw
24:37 Fishing Lines
27:36 Bloodlines
27:27 Husbandry
romeo63
9:36 Feudal Age
10:10 Double-Bit Axe
16:51 Horse Collar
19:25 Castle Age
19:06 Gold Mining
19:39 Crossbowman
20:25 Thumb Ring
21:46 Bow Saw
22:38 Padded Archer Armor
25:44 Wheelbarrow
26:43 Hand Cart
26:31 Fletching
28:34 Leather Archer Armor
Çalooo
0:33 Loom
11:56 Feudal Age
17:26 Castle Age
16:04 Double-Bit Axe
16:06 Horse Collar
17:05 Wheelbarrow
21:28 Heavy Plow
22:46 Bow Saw
29:50 Imperial Age
29:04 Bloodlines
s520s
0:29 Loom
10:39 Feudal Age
11:15 Double-Bit Axe
21:06 Castle Age
20:47 Wheelbarrow
21:02 Forging
20:59 Scale Barding Armor
21:29 Capped Ram
22:28 Bloodlines
25:42 Iron Casting
Connection lost

Rejoining the realm…

Still unreachable

The connection could not be restored.

Session expired

The server has moved on; the page needs a fresh start.